 Dungeon Crawl Stone Soup version 0.16.1-66-g04f09c5 (webtiles) character file.

4293 RepoMan the Arsonist (level 10, -5/63 HPs)
             Began as a Mummy Fire Elementalist on Aug 10, 2015.
             Was an Initiate of Ashenzari.
             Slain by a two-headed hydra (16 damage)
             ... on level 9 of the Dungeon on Aug 11, 2015.
             The game lasted 01:25:43 (12957 turns).

RepoMan the Arsonist (Mummy Fire Elementalist)     Turns: 12957, Time: 01:25:43

Health: -5/63      AC:  5    Str: 13    XL:     10   Next: 11%
Magic:  21/24      EV: 12    Int: 20    God:    Ashenzari [......]
Gold:   536        SH:  0    Dex: 12    Spells: 6 memorised, 4 levels left

rFire  . . .     SeeInvis +     n - +3 quarterstaff (chaos) (curse)
rCold  + . .     Clarity  .     a - +0 robe
rNeg   + + +     SustAb   .     (no shield)
rPois  ∞         Gourm    .     y - +0 helmet
rElec  .         Spirit   .     t - +0 cloak
rCorr  .         Warding  .     (no gloves)
rMut   .         Stasis   +     G - +0 pair of boots
MR     +....                    B - amulet of Shuqun {Stasis Str+2 Int+3 SInv}
Stlth  ++........               u - ring of fire
                                d - ring of protection from cold

@: somewhat resistant to hostile enchantments, unstealthy
A: no food or potions, fire vulnerability, restore body, cold resistance 1,
negative energy resistance 3, poison resistance, torment resistance, unbreathing
a: Renounce Religion


You were on level 9 of the Dungeon.
You worshipped Ashenzari.
Ashenzari was noncommittal.
You were not hungry.

You visited 2 branches of the dungeon, and saw 10 of its levels.

You collected 536 gold pieces.

Inventory:

Hand weapons
 n - a cursed +3 quarterstaff of chaos (weapon)
 p - the +6 mace "Maximn" {crush, -Cast rC+ MR+ Stlth+}
   (You found it on level 4 of the Dungeon)

   It inflicts extra damage upon your enemies.
   It protects you from cold.
   It affects your resistance to hostile enchantments.
   It prevents spellcasting.
   It makes you more stealthy.
 v - the cursed +0 flail of Woe {flame, Contam rPois Str+4 Int+7}
   (You found it on level 6 of the Dungeon)

   It has been specially enchanted to burn those struck by it, causing extra
   injury to most foes and up to half again as much damage against particularly
   susceptible opponents.
   It affects your strength (+4).
   It affects your intelligence (+7).
   It protects you from poison.
   It causes magical contamination when unequipped.
   It has a curse placed upon it.
Armour
 a - a +0 robe (worn)
 t - a +0 cloak (worn)
 y - a +0 helmet (worn)
 C - a +2 buckler
 G - a +0 pair of boots (worn)
Magical staves
 z - an uncursed staff of earth
Jewellery
 d - a ring of protection from cold (left hand)
 f - an uncursed ring of sustain abilities
 j - an uncursed ring of stealth
 r - a +5 ring of protection
 u - a ring of fire (right hand)
 B - the amulet of Shuqun (around neck) {Stasis Str+2 Int+3 SInv}
   (You found it on level 8 of the Dungeon)

   [amulet of stasis]

   It prevents you from being teleported, slowed, hasted or paralysed.
   It affects your strength (+2).
   It affects your intelligence (+3).
   It enhances your eyesight.
 F - a +1 ring of protection
Magical devices
 k - a wand of cold (10)
 A - a wand of digging (16)
 D - a wand of frost (29)
 E - a wand of magic darts (10)
Scrolls
 c - 4 scrolls of blinking
 e - 2 scrolls of magic mapping
 g - 4 scrolls of identify
 h - 3 scrolls of remove curse
 i - 4 scrolls of curse armour
 l - 2 scrolls of enchant weapon
 m - a scroll of torment {unknown}
 o - 3 scrolls of teleportation
 q - a scroll of recharging
 s - a scroll of amnesia
 w - a scroll of enchant armour {unknown}
 H - a scroll of curse jewellery
Books
 b - a book of Flames

   Spells                             Type                      Level
   a - Flame Tongue                   Conjuration/Fire             1
   b - Throw Flame                    Conjuration/Fire             2
   c - Conjure Flame                  Conjuration/Fire             3
   d - Inner Flame                    Hexes/Fire                   3
   e - Sticky Flame                   Conjuration/Fire             4
   f - Fireball                       Conjuration/Fire             5
 x - a book of Hinderance

   Spells                             Type                      Level
   a - Confusing Touch                Hexes                        2
   b - Confuse                        Hexes                        3
   c - Petrify                        Transmutation/Earth          4
   d - Metabolic Englaciation         Hexes/Ice                    5
   e - Gell's Gravitas                Hexes/Translocation          5
   f - Summon Mana Viper              Hexes/Summoning              5


   Skills:
 + Level 0.0 Staves
 - Level 1.5 Dodging
 - Level 1.5 Stealth
 + Level 6.8 Spellcasting
 + Level 6.2 Conjurations
 * Level 9.2 Fire Magic


You had 4 spell levels left.
You knew the following spells:

 Your Spells              Type           Power        Failure   Level  Hunger
a - Flame Tongue          Conj/Fire      #####        1%          1    N/A
b - Throw Flame           Conj/Fire      ######       1%          2    N/A
c - Conjure Flame         Conj/Fire      ######..     1%          3    N/A
d - Sticky Flame          Conj/Fire      ######..     6%          4    N/A
e - Fireball              Conj/Fire      ######....   14%         5    N/A
i - Inner Flame           Hex/Fire       #####...     6%          3    N/A

Dungeon Overview and Level Annotations

Branches:
Dungeon (9/15)             Temple (1/1) D:5
   Lair: D:8-11         Orc: D:9-12

Altars:
Ashenzari
Cheibriados
Dithmenos
Elyvilon
Fedhas
Gozag
Kikubaaqudgha
Makhleb
Nemelex Xobeh
Okawaru
Qazlal
Ru
Sif Muna
Trog
Vehumet
Xom
Yredelemnul
Zin
The Shining One

Shops:
D:8 =

Annotations:
D:9 exclusion: oklob plant


Innate Abilities, Weirdness & Mutations

You do not eat or drink.
Your flesh is vulnerable to fire.
Your flesh is cold resistant.
You are immune to negative energy.
Your system is resistant to poisons.
You are immune to unholy pain and torment.
You can survive without breathing.


Message History

Aim: a two-headed hydra You feel a surge of power!
The sticky flame hits the two-headed hydra.
The two-headed hydra is lightly wounded.
The two-headed hydra is covered in liquid flames!
The two-headed hydra burns!
The two-headed hydra closely misses you.
The two-headed hydra bites you.
The big kobold hits you from afar with a halberd!
The two-headed hydra burns!
The two-headed hydra burns!
There is an open gate here.
The two-headed hydra burns!
The two-headed hydra bites you! The two-headed hydra bites you.
The big kobold closely misses you.
The two-headed hydra burns!
The two-headed hydra burns!
The two-headed hydra stops burning.
The two-headed hydra bites you!
* * * LOW HITPOINT WARNING * * *
The two-headed hydra bites you!
You die...

##########
#######PP≈P.+).#####
#.....#P≈≈≈≈#.%##..#
#..%..#≈.P≈P##'##..#
#.....#).%..#..##..#
#.....†≈(%..'..##..#
#....##(.P.K'..##..#
#....##≈.@D.'.%##..#
#....##.....#.%##..# ...
#....###########...# ....
#....#..#..#.......# .....
#....'..#..#.......#......
#....#..#..#.......#......
#....#..#..#....#..#......
#....#..#..#....#..#......
#....#..#..#....#..#......


You could see a two-headed hydra and a big kobold.

Vanquished Creatures
  A troll (D:9)
  8 yaks
  Eustachio (D:7)
  A hungry ghost (D:7)
  3 orc warriors (D:7)
  A sky beast (D:7)
  A crocodile (D:7)
  A phantom (D:4)
  2 ogres
  2 big kobolds (D:9)
  2 giant frogs
  A scorpion (D:5)
  A killer bee (D:8)
  3 wights (D:6)
  4 crimson imps
  A centaur zombie (D:6)
  4 hounds
  3 goliath beetles
  5 giant frog skeletons
  Crazy Yiuf (D:2)
  5 orc priests
  2 jellies (D:8)
  An orc wizard (D:7)
  Natasha (twice) (D:3)
  12 worker ants
  2 sheep (D:9)
  A hound skeleton (D:7)
  A mummy (D:7)
  8 adders
  3 gnolls (D:7)
  A shadow imp (D:6)
  A giant mite (D:5)
  A worm (D:2)
  An adder zombie (D:5)
  An adder skeleton (D:7)
  6 giant geckos
  2 oozes
  19 orcs
  3 ball pythons
  21 bats
  2 bat skeletons
  14 goblins
  14 hobgoblins
  7 jackals
  15 kobolds
  5 quokkas
  5 giant cockroaches
  6 giant newts
  A quokka skeleton (D:8)
  16 rats
224 creatures vanquished.

Vanquished Creatures (others)
  A giant newt (D:1)
1 creature vanquished.

Grand Total: 225 creatures vanquished

Notes
Turn   | Place    | Note
--------------------------------------------------------------
     0 | D:1      | RepoMan, the Mummy Fire Elementalist, began the quest for the Orb.
     0 | D:1      | Reached XP level 1. HP: 13/13 MP: 3/3
    51 | D:1      | Reached skill level 1 in Conjurations
   615 | D:1      | Reached XP level 2. HP: 14/19 MP: 0/4
   619 | D:1      | Learned a level 2 spell: Throw Flame
  1546 | D:2      | Reached XP level 3. HP: 24/24 MP: 4/6
  1554 | D:2      | Reached skill level 3 in Fire Magic
  1577 | D:2      | Learned a level 3 spell: Conjure Flame
  1737 | D:2      | Found a basalt altar of Yredelemnul.
  2262 | D:2      | Found a glowing silver altar of Zin.
  2810 | D:2      | Noticed Crazy Yiuf
  2917 | D:3      | Reached XP level 4. HP: 30/30 MP: 5/8
  3698 | D:3      | Noticed Natasha
  3704 | D:3      | Killed Natasha
  4417 | D:3      | Reached XP level 5. HP: 23/35 MP: 8/10
  4436 | D:3      | Noticed Natasha
  4448 | D:3      | Killed Natasha
  4448 | D:3      | Reached skill level 4 in Fire Magic
  4866 | D:4      | Noticed a phantom
  4887 | D:4      | HP: 1/35 [phantom (5)]
  4894 | D:4      | Killed a phantom
  4894 | D:4      | Reached XP level 6. HP: 2/41 MP: 3/13
  5074 | D:4      | Learned a level 3 spell: Inner Flame
  6160 | D:4      | Reached skill level 5 in Fire Magic
  6419 | D:4      | Reached XP level 7. HP: 44/46 MP: 11/15
  6425 | D:4      | Learned a level 4 spell: Sticky Flame
  6615 | D:4      | Got a jewelled mace
  6657 | D:5      | Entered Level 5 of the Dungeon
  6668 | D:5      | Found a radiant altar of Vehumet.
  6849 | D:5      | Found a staircase to the Ecumenical Temple.
  6864 | D:5      | Identified the +6 mace "Maximn" {crush, -Cast rC+ MR+ Stlth+} (You found it on level 4 of the Dungeon)
  6887 | Temple   | Entered the Ecumenical Temple
  7251 | D:5      | Found an opulent altar of Gozag.
  7339 | D:5      | Found an opulent altar of Gozag.
  7384 | D:5      | Found a burning altar of Makhleb.
  7816 | D:2      | Killed Crazy Yiuf
  7977 | D:5      | Upgraded the game from 0.16.1-51-g6203257 to 0.16.1-66-g04f09c5
  8349 | D:6      | Reached skill level 6 in Fire Magic
  8463 | D:6      | Reached XP level 8. HP: 45/52 MP: 13/18
  8510 | D:6      | Got a dazzling flail
  8649 | D:6      | Found an ancient bone altar of Kikubaaqudgha.
  9217 | D:7      | Found a glowing golden altar of the Shining One.
  9580 | D:7      | Reached skill level 5 in Spellcasting
  9770 | D:7      | Reached skill level 7 in Fire Magic
  9941 | D:7      | Noticed Eustachio
  9978 | D:7      | Killed Eustachio
 10046 | D:7      | Reached XP level 9. HP: 41/57 MP: 7/21
 10144 | D:7      | Found a shimmering altar of Xom.
 10292 | D:7      | Reached skill level 5 in Conjurations
 11221 | D:8      | Reached skill level 8 in Fire Magic
 11668 | D:8      | Got a flickering bronze amulet
 11733 | D:8      | Found a white marble altar of Elyvilon.
 12011 | D:8      | Found Byquxt's Jewellery Shop.
 12139 | D:9      | Found a glowing silver altar of Zin.
 12140 | D:9      | Noticed an oklob plant
 12295 | D:9      | Reached skill level 9 in Fire Magic
 12307 | D:9      | Found an iron altar of Okawaru.
 12549 | D:9      | Found a stormy altar of Qazlal.
 12549 | D:9      | Found a shattered altar of Ashenzari.
 12553 | D:9      | Identified the amulet of Shuqun {Stasis Str+2 Int+3 SInv} (You found it on level 8 of the Dungeon)
 12553 | D:9      | Became a worshipper of Ashenzari the Shackled
 12588 | D:9      | Learned a level 5 spell: Fireball
 12594 | D:9      | Identified the cursed +0 flail of Woe {flame, Contam rPois Str+4 Int+7} (You found it on level 6 of the Dungeon)
 12852 | D:9      | Reached XP level 10. HP: 63/63 MP: 20/24
 12951 | D:9      | Noticed a two-headed hydra
 12957 | D:9      | Slain by a two-headed hydra

Action                   |  1- 3 |  4- 6 |  7- 9 | 10-12 || total
-------------------------+-------+-------+-------+-------++-------
Melee: Unarmed           |    37 |    11 |       |       ||    48
       Scythe            |       |    37 |       |       ||    37
       Trident           |       |     7 |     8 |       ||    15
       Mace              |       |       |    19 |       ||    19
       Quarterstaff      |       |       |    31 |     2 ||    33
 Fire: Blowgun           |       |    18 |    36 |       ||    54
 Cast: Flame Tongue      |    87 |   125 |   139 |     6 ||   357
       Throw Flame       |     2 |     8 |    14 |     1 ||    25
       Conjure Flame     |     1 |     6 |    23 |     1 ||    31
       Inner Flame       |       |       |    17 |     1 ||    18
       Sticky Flame      |       |       |    15 |     1 ||    16
  Use: Scroll            |     1 |     7 |     4 |       ||    12
 Stab: Sleeping          |       |     3 |     4 |       ||     7
